[Event "*** Qualifier 3: Titled Tuesday 3|2 Blitz"]
[Site "Chess.com"]
[Date "2017.04.18"]
[Round "10"]
[White "fastestmindalive"]
[Black "djogrodek1"]
[Result "0-1"]
[WhiteElo "2430"]
[BlackElo "2433"]
[TimeControl "180+2"]
[EndTime "15:19:57 PDT"]
[Termination "djogrodek1 won on time"]

1. e4 c5 2. Nc3 Nc6 3. Bb5 Nd4 4.
Nf3 g6 5. Nxd4 cxd4 6. Ne2 a6 7. Bd3 d5 8. O-O Bg7 9. c3 dxe4 10. Bxe4 Nf6 11. Bf3 dxc3 12. dxc3 O-O 13. h3 Qc7 14. Bf4 e5 15. Be3 e4 16. Bf4 Qb6 17. Be3 Qc7 18. Bf4 Qa5 19. b4 Qf5 20. g4 Qb5 21. Bg2 Be6 22. Nd4 Qc4 23. Nxe6 Qxe6 24. Qb3 Qc6 25.
Be5 Rfe8 26. Bd4 Nd5 27. Bxg7 Kxg7 28. Rfe1 Nf4 29. Re3 Rad8 30. c4 Qf6 31. Rd1 Rxd1+ 32. Qxd1 Rd8 33. Qe1 Nd3 34. Qf1 Nxb4 35. Bxe4 Rd2 36.
Bxb7 Nc2 37. Re2 Qd4 38. Rxd2 Qxd2 39. c5 Qc3 40. Be4 Nd4 41. c6 a5 42. Qa6 Qe1+ 43.
Kh2 Qxe4 44. c7 Qe5+ 45. Kg2 Qxc7 46. Qd3 Qc6+ 47. Kh2 Qc5 48. Qe4 Qd6+ 49. Kg2 Ne6 50. f3 Qd2+ 51. Kg3 Qxa2 52. h4 Qb2 53. h5 gxh5 54.
gxh5 Qf6 55. Qa8 Qg5+ 56. Kf2 Qxh5 57. Qe8 Qc5+ 58. Kg2 Qe5 59. Kf2 Qd4+ 60. Kg3 a4 61. Qe7 Qe5+ 62. Kf2 Qb2+ 63. Kg3 a3 64. f4 Qc3+ 65. Kg4 a2 66. f5 Qd4+ 67. Kh5 Qd1+ 68. Kh4 Qe1+ 69. Kh5 Qe2+ 70. Kh4 Qf2+ 71. Kg4 Qf4+ 72.
Kh5 Qxf5+ 73. Kh4 Qf4+ 74. Kh5 Qg5+ 75. Qxg5+ Nxg5 76. Kg4 a1=Q 77. Kf5 Qd4 78. Kxg5 f6+ 79. Kh5 Qe5+ 80. Kg4 Kg6 81. Kh4 Qd4+ 82. Kg3 Kg5 83. Kf3 Qd3+ 84. Kf2 Kg4 85. Kg2 Qe2+ 86. Kh1 Kg3 0-1

[Event "*** Qualifier 3: Titled Tuesday 3|2 Blitz"]
[Site "Chess.com"]
[Date "2017.04.18"]
[Round "10"]
[White "Spartakus1975"]
[Black "Rodalquilar"]
[Result "1/2-1/2"]
[WhiteElo "2584"]
[BlackElo "2554"]
[TimeControl "180+2"]
[EndTime "15:20:24 PDT"]
[Termination "Game drawn - insufficient material"]

1. e4 e5 2. Nf3 Nc6 3. Bb5 a6 4. Bxc6 dxc6 5. O-O Bg4 6. h3 h5 7. d3 Qf6 8. Be3 Bxf3 9. Qxf3 Qxf3 10. gxf3 Bd6 11. Nd2 Ne7 12. Rfb1 f5 13. Nc4 f4 14. Bd2 g5 15. Kf1 Kd7 16. Ke2 Raf8 17. Rg1 Rhg8 18. Rg2 g4 19. hxg4 hxg4 20. Rag1 gxf3+ 21. Kxf3 Rxg2 22. Rxg2 b5 23. Na5 Rh8 24. Rg7 Ke6 25. c4 Kf6 26. Rg1 Rh3+ 27. Ke2 f3+ 28. Kf1 Ng6 29.
Nxc6 Rh2 30. b4 bxc4 31. dxc4 Nf4 32. c5 Nh3 33. Be3 Nxg1 34. Kxg1 Rg2+ 35. Kf1 Bf8 36. a4 Bh6 37. Bxh6 Rh2 38. Ke1 Rxh6 39. Kd2 Rh1 40.
Ke3 Ra1 41. Kxf3 Rxa4 42. Kg4 Ra2 43. f4 exf4 44. Kxf4 Ke6 45. Nd4+ Kd7 46. e5 Rb2 47. e6+ Ke8 48. Nc6 Re2 49. Kf5 Rf2+ 50. Ke5 Rf1 51. Kd5 Rd1+ 52. Kc4 Rc1+ 53. Kb3 Re1 54. Nd4 Re4 55. Kc4 Ke7 56. Kd5 Re1 57. Kc6 Rd1 58. Nc2 Rd2 59. Na3 Rb2 60. b5 a5 61. Nc4 Rb4 62.
Nxa5 Kxe6 63. Nb7 Ke7 64. Na5 Rb1 65. Nc4 Kd8 66. Ne3 Rh1 67. Nd5 Kc8 68. Ne7+ Kb8 69.
Nd5 Rh6+ 70. Kd7 Rh7+ 71. Ne7 Kb7 72. Kd8 Rh8+ 73. Kd7 Rh7 74. Ke6 Rh5 75. Nd5 c6 76. bxc6+ Kxc6 77. Nf6 Rh6 78. Ke5 Kxc5 79. Ne4+ Kc4 80.
Nf6 Rh1 81. Ne4 Re1 82. Kf5 Kd4 83. Nf6 Rf1+ 84. Ke6 Ra1 85. Kf5 Ra5+ 86. Kf4 Re5 87.
Ng4 Re8 88. Kf5 Ra8 89. Nf6 Ke3 90. Ke5 Ra6 91. Nd5+ Kd3 92. Nb4+ Kc4 93. Nxa6 1/2-1/2